 Dungeon Crawl Stone Soup version 0.30-a0-335-ge5acde7520 (webtiles) character file.

Game seed: 14765064852332762997

2972 gruber the Destroyer (level 9, -3/45 HPs)
             Began as a Deep Elf Conjurer on Oct 30, 2022.
             Was an Initiate of Vehumet.
             Engulfed by a steam dragon's steam (8 damage)
             ... on level 7 of the Dungeon.
             The game lasted 00:06:43 (8277 turns).

gruber the Destroyer (Deep Elf Conjurer)            Turns: 8277, Time: 00:06:43

Health: -3/45      AC:  6    Str:  4    XL:     9   Next: 53%
Magic:  17/21      EV: 12    Int: 34    God:    Vehumet [......]
Gold:   500        SH:  0    Dex: 13    Spells: 15/22 levels left

rFire   . . .      SeeInvis .    z - +2 whip (venom)
rCold   . . .      Faith    .    (no shield)
rNeg    . . .      Spirit   .    a - +0 robe
rPois   .          Reflect  .    o - +0 helmet
rElec   .          Harm     .    (no cloak)
rCorr   .          Rampage  .    l - +1 pair of gloves
Will    +....                    m - +0 pair of boots
Stlth   ++........               (no amulet)
HPRegen 0.27/turn                u - ring of willpower
MPRegen 0.17/turn                D - +6 ring of intelligence

@: attractive
A: no striking features
a: Renounce Religion


You were on level 7 of the Dungeon.
You worshipped Vehumet.
Vehumet was noncommittal.
You visited 2 branches of the dungeon, and saw 8 of its levels.

You collected 500 gold pieces.

Inventory:

Hand Weapons
 z - a +2 whip of venom (weapon)
Armour
 a - a +0 robe (worn)
 l - a +1 pair of gloves (worn)
 m - a +0 pair of boots (worn)
 o - a +0 helmet (worn)
Jewellery
 u - a ring of willpower (left hand)
 D - a +6 ring of intelligence (right hand)
 F - a ring of fire
 J - an amulet of regeneration
Wands
 x - a wand of polymorph (10)
 E - a wand of quicksilver (4)
Scrolls
 c - 5 scrolls of teleportation {unknown}
 d - 3 scrolls of vulnerability {unknown}
 f - 8 scrolls of identify {unknown}
 h - 5 scrolls of noise {unknown}
 k - 2 scrolls of immolation {unknown}
 n - a scroll of acquirement {unknown}
 q - 3 scrolls of blinking {unknown}
 r - 5 scrolls of fog {unknown}
 w - 5 scrolls of magic mapping {unknown}
 y - 2 scrolls of amnesia {unknown}
 A - a scroll of enchant weapon {unknown}
 G - a scroll of silence {unknown}
 I - a scroll of fear {unknown}
Potions
 b - a potion of magic
 e - a potion of attraction
 g - a potion of ambrosia {unknown}
 i - a potion of flight {unknown}
 j - a potion of brilliance {unknown}
 p - a potion of lignification {unknown}
 s - 2 potions of mutation {unknown}
 t - 2 potions of curing {unknown}
 v - a potion of berserk rage {unknown}
 B - 2 potions of cancellation {unknown}
 C - 2 potions of heal wounds {unknown}
 H - a potion of degeneration {unknown}


   Skills:
 - Level 2.4 Dodging
 - Level 2.4 Stealth
 - Level 7.0 Spellcasting
 * Level 14.0 Conjurations


You had 15 spell levels left.
You knew the following spells:

 Your Spells              Type           Power      Damage    Failure   Level
a - Magic Dart            Conj           100%       1d8       0%          1
b - Searing Ray           Conj           100%       2d8       1%          2
c - Iskenderun's Mystic   Conj/Tloc      56%        2d12      1%          4

Your spell library contained the following spells:

 Spells                   Type           Power      Damage    Failure   Level
 Dazzling Flash           Conj/Hex       100%       N/A       1%          3
 Fulminant Prism          Conj/Hex       28%        3d13      1%          4
 Gell's Gravitas          Tloc           11%        N/A       11%         3
 Lesser Beckoning         Tloc           22%        N/A       11%         3
 Teleport Other           Tloc           11%        N/A       11%         3
 Malign Gateway           Summ/Tloc      5%         N/A       100%        7
 Summon Horrible Things   Summ           5%         N/A       100%        8


Dungeon Overview and Level Annotations

Branches:
Dungeon (7/15)             Temple (1/1) D:6

Altars:
Ashenzari
Fedhas
Gozag
Kikubaaqudgha
Okawaru
Sif Muna
Trog
Uskayaw
Vehumet
Xom

Shops:
D:2 =


Message History

The steam dragon is knocked back by the mystic blast.
The steam dragon slams into the rock wall!
You kill the steam dragon!
Vehumet accepts your kill.
Your Conjurations skill increases to level 14!
Casting: Iskenderun's Mystic Blast (dangerous; 1% risk of failure)
Confirm with . or Enter, or press ? or * to list all spells.
You can't see any susceptible monsters within range! (Use Z to cast anyway.) Unknown command.
You enter the shallow water.
Moving in this stuff is going to be slow.
The steam dragon hisses angrily.
A steam dragon comes into view.
There are monsters nearby!
The steam dragon enters a dispersal trap!
The steam dragon blinks!
You blink.
Found 7 gold pieces.
The steam dragon blinks!
A sky beast comes into view.
The steam dragon breathes steam at you. The ball of steam hits you!!
The steam dragon breathes steam at you. The ball of steam hits you!
* * * LOW HITPOINT WARNING * * *
Things that are here:
a +0 rapier; 7 gold pieces Unknown command.
Casting: Iskenderun's Mystic Blast (dangerous; 1% risk of failure)
Confirm with . or Enter, or press ? or * to list all spells.
You erupt in a blast of force!
The mystic blast hits the steam dragon!
The steam dragon is moderately wounded.
The steam dragon is knocked back by the mystic blast.
You are engulfed in a cloud of scalding steam.
* * * LOW HITPOINT WARNING * * *
Unknown command.
Unknown command.
Okay, then.
It was a potion of attraction.
You feel attractive to monsters.
You are engulfed in a cloud of scalding steam.
You die...

......## ### #......
##.....######.. ......#
...............#Y.#...+
##...#.####..§.~~~§§§.
##.##.# #..§§≈≈≈§§#..
####.# #.#~§§..§~§§.
#.# #..~§§?..≈≈~#
#.####..~§.##
#....#..~≈#@# ~
#.##....~≈.$##D≈~
######.####..§§§§.§.≈~
...†...# #..#§~§D^≈≈~
######## #..§#~≈YD§§#
##...#~~~§#.
##......... ##........
#######.


You could see 2 steam dragons and a sky beast (wandering).

Vanquished Creatures
  Grinder (D:3)
  Prince Ribbit (D:5)
  A shadow (D:6)
  Sigmund (D:2)
  A steam dragon (D:7)
  2 vampire mosquitoes (D:6)
  Edmund (D:6)
  A sky beast (D:7)
  3 black bears
  A kobold brigand (D:7)
  A gnoll sergeant (D:5)
  A necrophage (D:7)
  A scorpion (D:5)
  Blork the orc (D:6)
  3 bullfrogs
  A crimson imp (D:4)
  Crazy Yiuf (D:6)
  3 hounds
  5 orc priests
  A gnoll bouda (D:4)
  A jelly (D:7)
  Ijyb (D:5)
  4 orc wizards
  4 iguanas
  Robin (D:2)
  10 gnolls
  10 adders
  2 white imps
  An ufetubus (D:4)
  A worm (D:2)
  3 dart slugs
  10 orcs
  4 endoplasms
  4 giant cockroaches
  16 goblins
  10 hobgoblins
  14 jackals
  6 quokkas
  A ball python (D:1)
  3 bats
  2 frilled lizards (D:2)
  12 kobolds
  8 rats
159 creatures vanquished.

Vanquished Creatures (others)
  A fungus (D:6)
1 creature vanquished.

Grand Total: 160 creatures vanquished

Notes
Turn   | Place    | Note
-------+----------+-------------------------------------------
     0 | D:1      | gruber the Deep Elf Conjurer began the quest for the Orb.
     0 | D:1      | Reached XP level 1. HP: 10/10 MP: 6/6
    61 | D:1      | Found a faded altar of an unknown god.
   207 | D:1      | Reached XP level 2. HP: 15/15 MP: 6/8
   388 | D:1      | Reached skill level 5 in Conjurations
   738 | D:1      | Learned a level 2 spell: Searing Ray
  1097 | D:2      | Reached XP level 3. HP: 19/19 MP: 7/9
  1101 | D:2      | Noticed Robin
  1428 | D:2      | Noticed Sigmund
  1438 | D:2      | Reached skill level 6 in Conjurations
  1474 | D:2      | Killed Sigmund
  1475 | D:2      | Reached skill level 7 in Conjurations
  1475 | D:2      | Reached XP level 4. HP: 24/24 MP: 2/12
  1475 | D:2      | Reached XP level 5. HP: 28/28 MP: 2/13
  1625 | D:2      | Found Konwyh's Jewellery Emporium.
  1751 | D:2      | Killed Robin
  1934 | D:2      | Found an iron altar of Okawaru.
  2248 | D:3      | Learned a level 4 spell: Iskenderun's Mystic Blast
  2259 | D:3      | Noticed Grinder
  2267 | D:3      | Killed Grinder
  2268 | D:3      | Reached skill level 8 in Conjurations
  2268 | D:3      | Reached XP level 6. HP: 18/32 MP: 5/15
  3049 | D:4      | Reached skill level 5 in Spellcasting
  3212 | D:4      | Reached XP level 7. HP: 36/36 MP: 7/16
  3465 | D:4      | Reached skill level 9 in Conjurations
  4014 | D:4      | Found an iron altar of Okawaru.
  4131 | D:5      | Entered Level 5 of the Dungeon
  4369 | D:5      | Reached XP level 8. HP: 41/41 MP: 17/20
  4525 | D:5      | Found a hide-covered altar of Uskayaw.
  4536 | D:5      | Noticed Ijyb
  4547 | D:5      | Killed Ijyb
  4665 | D:5      | Reached skill level 10 in Conjurations
  4897 | D:5      | Noticed Prince Ribbit
  4903 | D:5      | Killed Prince Ribbit
  4904 | D:5      | Reached skill level 11 in Conjurations
  5813 | D:6      | Found a staircase to the Ecumenical Temple.
  5832 | D:6      | Noticed Blork the orc
  5837 | D:6      | Killed Blork the orc
  5882 | Temple   | Entered the Ecumenical Temple
  5925 | Temple   | Became a worshipper of Vehumet
  5963 | D:6      | Noticed Edmund
  5973 | D:6      | Killed Edmund
  5974 | D:6      | Reached skill level 12 in Conjurations
  6465 | D:6      | Reached XP level 9. HP: 45/45 MP: 12/21
  7033 | D:6      | Reached skill level 13 in Conjurations
  7294 | D:6      | Found a runed translucent door.
  7295 | D:6      | Noticed Crazy Yiuf
  7302 | D:6      | Killed Crazy Yiuf
  8219 | D:7      | Reached skill level 14 in Conjurations
  8277 | D:7      | Engulfed by a steam dragon's steam

Illustrated notes

Levels and vault maps discovered:
D:1:      psy_arrival_basics, layout_basic, hellmonk_ecumenical_altar_crossroads
D:2:      layout_rooms, basic_altar, serial_shops, shop, uniq_robin,
          uniq_sigmund
D:3:      layout_loops_ring, st_stairs_12, uniq_grinder
D:4:      layout_rooms, okawaru_trees_2, minmay_fire_ice_demons
D:5:      layout_basic, nicolae_overflow_crystal_walls, uniq_ijyb,
          uniq_prince_ribbit1
D:6:      kennysheep_big_flooded_room, layout_cave_pods,
          minmay_temple_entry_arrows, serial_glass, glass_columns_a,
          glass_columns_c, minmay_misc_feat_encased, corexii_leaking_fountain,
          uniq_crazy_yiuf_cottage, uniq_edmund, uniq_blork_the_orc
D:7:      layout_loops_corners, kennysheep_doodads, hangedman_misty_isle,
          uniq_menkaure
Temple:   nicolae_temple_bog_church

Skill      XL: |  1  2  3  4  5  6  7  8  9 |
---------------+----------------------------+-----
Conjurations   | 5 7 8 9 12 14 | 14.0
Spellcasting   | 4 5 6 7 |  7.0
Dodging        | |  2.4
Stealth        | |  2.4

Action                   |  1- 3 |  4- 6 |  7- 9 || total
-------------------------+-------+-------+-------++-------
Melee: Whip              |       |       |    23 ||    23
       Hand axe          |       |       |     1 ||     1
 Cast: Magic Dart        |    73 |    66 |   130 ||   269
       Searing Ray       |     1 |     7 |    33 ||    41
       Iskenderun's Myst |       |       |    20 ||    20
  Use: Potion            |       |       |     1 ||     1
Armor: Robe              |       |     4 |    22 ||    26
Dodge: Dodged            |     5 |     6 |    44 ||    55

Table legend: (Time is in decaauts)
 A = Elapsed time spent in this place.
 B = Non-inter-level travel time spent in this place.
 C = Inter-level travel time spent in this place.
 D = Time resting spent in this place.
 E = Time spent auto-exploring this place.
 F = Levels seen in this place.
 G = Mean time per level.
                   A        B        C        D        E       F      G
               +--------+--------+--------+--------+--------+-----+--------+
         Total |   8277 |   8053 |    224 |     78 |   7092 |   8 | 1034.6 |
       Dungeon |   8222 |   8025 |    197 |     78 |   7069 |   7 | 1174.6 |
        Temple |     55 |     29 |     26 |      0 |     23 |   1 |   55.0 |
               +--------+--------+--------+--------+--------+-----+--------+

Top non-repeatable levels by time:
     D:5: 1626 daAuts
     D:6: 1571 daAuts
     D:1: 1196 daAuts
     D:4: 1088 daAuts
     D:2: 1025 daAuts
     D:7: 893 daAuts
     D:3: 819 daAuts
  Temple: 55 daAuts
